Map: Costas tropicales

Players

MrFercho - Winner!

  • Race: Zerg Zerg
  • Spawn Location: 0:00

TATORREA

  • Race: Terran Terran
  • Spawn Location: 5:00

VOD

Have the link to the VOD?

Description

Time

  • Played on: April 4, 2020, 9:19 p.m.
  • Length: 31:19
Show
View Real Time Build Order
Export as new Build Order

MrFercho Zerg - Winner!

Build Orders: Hatch First 

Get SALT Encoding   

  12  0:03  Drone  
  13  0:15  Overlord  
  13  0:19  Drone  
  14  0:39  Drone  
  14  0:40  Drone x2  
  17  0:55  Overlord  
  17  1:03  Extractor  
  16  1:13  Hatchery  
  15  1:34  Drone  
  15  1:35  Drone x2  
  18  1:55  Drone  
  19  2:20  Drone x2  
  19  2:21  Overlord  
  21  2:37  Spawning Pool  
  21  2:41  Extractor  
  21  2:42  Drone x3  
  22  3:12  Hatchery  
  21  3:17  Hatchery  
  20  3:21  Evolution Chamber  
  20  3:22  Evolution Chamber  
  20  3:23  Evolution Chamber  
  20  3:25  Metabolic Boost  
  17  3:47  Drone  
  17  3:48  Drone x5  
  23  3:52  Zerg Melee Weapons Level 1, Zerg Missile Weapons Level 1  
  23  4:15  Pneumatized Carapace  
  23  4:34  Extractor  
  23  4:37  Extractor  
  21  4:41  Zergling x2  
  21  4:42  Zergling x18  
  31  4:59  Lair  
  31  5:05  Zerg Ground Armor Level 1  
  31  5:16  Drone x3  
  31  5:17  Drone x3  
  28  5:58  Overseer  
  27  6:32  Hatchery x2  
  25  6:46  Hatchery x2  
  23  6:53  Extractor  
  22  6:58  Extractor  
  21  7:01  Spore Crawler  
  21  7:02  Extractor  
  21  7:08  Extractor  
  18  7:16  Spine Crawler  
  18  7:17  Spine Crawler  
  18  7:19  Spine Crawler  
  15  7:23  Spine Crawler  
  15  7:29  Spine Crawler  
  13  8:05  Drone x8  
  21  8:22  Overseer  
  21  9:18  Drone x3  
  21  9:19  Drone x6  
  21  9:20  Drone x6  
  21  9:21  Drone x2  
  38  9:36  Overlord  
  38  9:37  Overlord x2  
  38  10:08  Drone x7  
  38  10:09  Drone x8  
  38  10:11  Overseer  
  53  10:20  Extractor  
  53  10:21  Extractor  
  51  10:41  Zergling x2  
  51  10:42  Zergling x30  
  61  11:05  Spore Crawler x2  
  46  11:52  Drone x2  
  46  11:53  Drone x5  
  46  11:54  Drone x4  
  55  11:55  Drone x5  
  62  12:25  Hatchery, Roach Warren  
  60  12:38  Baneling Nest  
  60  12:40  Infestation Pit  
  58  12:44  Spire  
  58  12:48  Spire  
  58  12:51  Hydralisk Den  
  55  13:25  Hive  
  55  13:28  Burrow  
  55  13:30  Zerg Missile Weapons Level 2, Zerg Ground Armor Level 2, Zerg Melee Weapons Level 2  
  55  13:36  Queen  
  55  13:37  Queen x3  
  63  13:59  Hatchery  
  63  14:02  Hatchery x2  
  61  14:06  Hatchery  
  61  14:07  Overlord x6  
  61  14:08  Overlord x4  
  59  14:37  Mutalisk x5  
  69  14:39  Corruptor x3  
  69  14:41  Roach x4  
  69  14:42  Hydralisk x5, Roach  
  69  14:43  Hydralisk x2  
  99  15:13  Hatchery  
  98  15:16  Hatchery, Drone x2  
  98  15:17  Drone x6  
  98  15:18  Drone x3  
  108  16:07  Lurker Den  
  107  16:11  Lurker Den  
  107  16:15  Greater Spire x2, Ultralisk Cavern  
  107  16:16  Ultralisk Cavern  
  104  16:20  Grooved Spines  
  105  16:47  Drone x3  
  107  17:06  Lurker  
  107  17:07  Lurker x6  
  114  17:11  Ravager x5  
  119  17:31  Muscular Augments  
  119  17:36  Roach x4  
  119  17:37  Roach x3  
  129  17:38  Roach  
  129  17:39  Ultralisk x2  
  129  17:40  Ultralisk x3  
  165  17:48  Hydralisk  
  165  17:49  Hydralisk x16  
  199  19:05  Seismic Spines, Adaptive Talons  
  199  19:41  Zerg Missile Weapons Level 3, Zerg Melee Weapons Level 3, Zerg Ground Armor Level 3  
  199  19:44  Adrenal Glands  
  199  20:05  Zerg Flyer Armor Level 1, Zerg Flyer Weapons Level 1  
  199  20:08  Pathogen Glands  
  199  20:30  Nydus Network  
  198  21:04  Neural Parasite  
  198  21:16  Overseer  
  92  22:23  Unknown  
  92  22:39  Mutalisk x5  
  92  22:40  Mutalisk x4  
  92  22:41  Mutalisk x4  
  115  22:55  Viper x4  
  115  22:56  Viper  
  115  22:57  Zergling x8  
  115  22:58  Zergling x28  
  111  23:37  Hydralisk  
  111  23:38  Hydralisk x10  
  111  23:39  Hydralisk x12  
  154  25:22  Extractor  
  154  25:23  Extractor  
  152  26:40  Zerg Flyer Weapons Level 2, Zerg Flyer Armor Level 2  
  150  27:07  Hatchery  
  149  27:09  Hatchery  
  149  27:15  Hatchery  
  147  27:18  Extractor  
  146  27:35  Overlord x2  
  146  27:36  Overlord x5  
  146  27:38  Overlord x2  
  146  27:46  Viper  
  146  27:51  Ultralisk x3  
  167  27:52  Ultralisk  
  167  27:54  Ultralisk  
  167  27:55  Roach x2  
  167  27:56  Roach x6  
  167  27:57  Roach x2  
  199  28:53  Nydus Canal  
  155  30:04  Hydralisk x10  
  155  30:06  Zergling x12  
  155  30:07  Zergling x28  
  187  30:25  Nydus Canal  
Show
View Real Time Build Order
Export as new Build Order

TATORREA Terran 

Build Orders:  

Get SALT Encoding   

  12  0:12  Refinery  
  12  0:14  SCV  
  13  0:26  SCV  
  14  0:34  Refinery  
  14  0:38  SCV  
  15  1:03  Supply Depot  
  15  1:24  SCV  
  15  1:25  Supply Depot  
  16  1:33  Engineering Bay  
  16  1:37  SCV  
  17  1:49  SCV  
  18  2:01  Barracks  
  18  2:03  SCV  
  19  2:15  SCV  
  20  2:27  SCV  
  21  2:51  Factory  
  21  2:52  Barracks Tech Lab  
  21  2:55  Terran Infantry Weapons Level 1  
  21  3:32  Marine  
  22  3:37  Factory  
  22  3:38  Factory Tech Lab  
  22  3:50  Reaper  
  23  4:03  Siege Tank  
  26  4:23  Marauder  
  28  4:26  Armory  
  28  4:35  Hellion, Factory Tech Lab  
  30  4:44  Marine  
  31  4:49  Terran Infantry Armor Level 1  
  31  5:15  Starport  
  31  5:42  Siege Tank  
  31  5:44  Reaper  
  31  5:46  Hellion  
  27  6:07  Siege Tank  
  30  6:15  Marine  
  31  7:16  Starport Tech Lab  
  31  7:31  Command Center  
  31  7:47  Supply Depot  
  31  7:57  Supply Depot  
  31  8:07  Supply Depot  
  31  8:09  Hellbat x2, Reaper  
  31  8:10  Supply Depot  
  36  8:19  Banshee  
  36  8:22  Supply Depot  
  39  8:29  Supply Depot  
  39  8:30  Hellbat x2  
  39  8:31  Missile Turret  
  43  8:40  Marine  
  44  8:50  Missile Turret  
  44  8:52  Hellbat x2, Missile Turret  
  48  8:58  Marine  
  49  9:13  Hellbat, Missile Turret, Siege Tank  
  54  9:21  Missile Turret  
  54  9:34  Hellbat  
  54  9:36  Refinery  
  56  9:45  Hellbat  
  58  9:56  Hellbat  
  60  10:07  Hellbat  
  62  10:28  Hellbat  
  40  11:52  Hellbat  
  44  11:54  Hellbat  
  44  11:58  Banshee  
  47  12:04  Terran Vehicle Weapons Level 1  
  47  12:13  Hellbat  
  51  12:16  Hellbat  
  51  12:31  SCV  
  51  12:33  Refinery  
  51  12:34  Hellbat  
  56  12:37  Hellbat  
  56  12:40  Banshee  
  56  12:43  SCV  
  60  12:55  SCV  
  60  12:56  Hellbat  
  65  12:58  Hellbat  
  65  13:07  SCV  
  66  13:17  Hellbat  
  71  13:20  Hellbat, SCV  
  71  13:23  Banshee  
  74  13:31  Missile Turret  
  74  13:51  Missile Turret  
  74  13:54  Missile Turret  
  74  13:59  Missile Turret  
  74  14:11  Missile Turret  
  74  14:12  Missile Turret  
  74  14:19  Missile Turret  
  74  14:21  Thor  
  80  15:01  SCV  
  80  15:04  Thor  
  87  15:47  Siege Tank  
  90  15:54  Missile Turret  
  90  16:15  Missile Turret  
  90  16:28  Missile Turret  
  90  16:42  Terran Vehicle Weapons Level 2  
  90  16:53  Terran Infantry Weapons Level 2  
  90  17:06  Hellbat  
  92  17:10  Hellbat  
  94  18:30  Command Center  
  94  18:55  Refinery  
  94  18:58  Terran Ship Weapons Level 1  
  94  19:01  Missile Turret  
  94  19:08  Refinery, Terran Infantry Armor Level 2  
  94  19:10  Missile Turret  
  94  19:27  Missile Turret  
  94  19:38  Missile Turret  
  94  19:41  Hellbat x2, Banshee  
  101  19:47  Missile Turret  
  101  19:52  Missile Turret  
  101  19:58  Missile Turret  
  101  20:03  Hellbat x2  
  105  20:13  Missile Turret  
  105  20:24  Hellbat x2  
  109  20:29  Supply Depot  
  109  20:50  Banshee  
  109  20:51  Hellbat x2  
  109  20:52  Supply Depot, Terran Vehicle And Ship Armor Level 1  
  116  21:14  Thor  
  116  21:16  Supply Depot  
  122  21:20  Siege Tank  
  122  21:24  Hi-Sec Auto Tracking  
  125  21:38  Viking  
  127  21:52  Siege Tank  
  130  21:57  Siege Tank  
  130  21:59  Missile Turret  
  133  22:08  Viking  
  115  22:20  Missile Turret  
  115  22:21  Neosteel Armor  
  94  22:38  Viking  
  96  22:46  Terran Vehicle Weapons Level 3  
  51  24:01  Factory  
  51  24:08  Raven  
  52  24:47  Factory  
  52  24:51  Raven  
  54  25:23  Terran Ship Weapons Level 2  
  54  25:32  Factory  
  54  25:33  Factory  
  54  25:35  Banshee  
  57  25:48  Hellbat  
  59  26:09  Hellbat  
  59  26:10  Fusion Core  
  61  26:18  Banshee  
  61  26:25  Factory Tech Lab  
  64  26:31  Hellbat  
  66  26:40  Missile Turret  
  66  26:52  Hellbat  
  68  27:01  Banshee  
  69  27:04  Missile Turret  
  69  27:13  Thor  
  69  27:14  Hellbat  
  77  27:38  Terran Vehicle And Ship Armor Level 2  
  77  27:40  Command Center  
  77  27:44  Viking  
  79  27:56  Thor  
  85  28:02  Missile Turret  
  85  28:14  Viking  
  87  28:37  Missile Turret  
  87  28:39  Thor  
  93  29:00  SCV  
  94  29:13  SCV  
  95  29:22  Thor  
  98  29:25  SCV  
  98  29:29  Thor  
  40  30:12  Hellbat  
Tags
 
Add a new tag
Caveats
  • Supply blocks, unpowered buildings, or Contaminate may cause inaccurate times.
  • Supply counts are checked every 10 seconds.